 Dungeon Crawl Stone Soup version 0.19-b1-3-g7dea586 (webtiles) character file.

24334 dorian the Bludgeoner (level 13, -8/192 HPs)
             Began as an Ogre Hunter on Oct 28, 2016.
             Was a High Priest of Trog.
             Mangled by an enormous slime creature (40 damage)
             ... on level 14 of the Dungeon.
             The game lasted 00:46:45 (13284 turns).

dorian the Bludgeoner (Ogre Hunter)                Turns: 13284, Time: 00:46:45

Health: -8/192     AC:  9    Str: 29    XL:     13   Next: 12%
Magic:  13/13      EV: 10    Int: 10    God:    Trog [*****.]
Gold:   1099       SH:  0    Dex: 10    Spells: 0 memorised, 12 levels left

rFire  . . .     SeeInvis +     V - +1 giant spiked club (venom)
rCold  . . .     Gourm    .     U - +1 steam dragon scales
rNeg   . . .     Faith    .     (shield currently unavailable)
rPois  .         Spirit   .     (helmet restricted)
rElec  .         Reflect  .     O - +0 cloak
rCorr  .         Harm     .     (gloves unavailable)
MR     +....                    (boots unavailable)
Stlth  ..........               m - amulet of regeneration
                                e - ring of see invisible
                                o - +3 ring of slaying

@: berserking, very quick
A: unfitting armour, tough skin 1
a: Berserk, Trog's Hand, Brothers in Arms, Burn Spellbooks, Renounce Religion


You were on level 14 of the Dungeon.
You worshipped Trog.
Trog was extremely pleased with you.
You were very hungry.

You visited 2 branches of the dungeon, and saw 15 of its levels.

You collected 1507 gold pieces.
You spent 408 gold pieces at shops.

Inventory:

Hand Weapons
 J - a +4 scimitar of flaming
 V - a +1 giant spiked club of venom (weapon)
Missiles
 d - 10 tomahawks (quivered)
 S - 3 steel tomahawks
 W - 2 throwing nets
 X - 6 large rocks
Armour
 O - a +0 cloak (worn)
 U - +1 steam dragon scales (worn)
Jewellery
 e - a ring of see invisible (right hand)
 m - an amulet of regeneration (around neck)
 o - a +3 ring of slaying (left hand)
Wands
 b - a wand of lightning (7/15)
 g - a wand of iceblast (4/15)
 y - a wand of flame (23/48)
 E - a wand of paralysis (14/24)
 G - a wand of acid (6/15)
 I - a wand of paralysis (5/24)
 L - a wand of flame (20/48)
 Q - a wand of polymorph (20/24)
 R - a wand of enslavement (7/24)
 Z - a wand of flame (28/48)
Scrolls
 a - a scroll of immolation
 i - a scroll of blinking
 j - 9 scrolls of identify
 l - 2 scrolls of enchant armour
 x - a scroll of enchant weapon
 C - a scroll of fear
 H - 2 scrolls of teleportation
 K - a scroll of magic mapping
 N - 2 scrolls of remove curse
 P - a scroll of vulnerability {unknown}
Potions
 p - a potion of berserk rage
 q - a potion of ambrosia {unknown}
 r - 4 potions of curing
 s - 3 potions of agility
 t - 3 potions of heal wounds
 v - 2 potions of magic {unknown}
 z - 4 potions of flight {unknown}
 A - 3 potions of mutation {unknown}
 B - a potion of haste
 D - a potion of brilliance {unknown}
 F - a potion of lignification {unknown}
 Y - a potion of resistance {unknown}
Books
 h - a book of Ice

   Spells                             Type                      Level
   a - Ice Form                       Ice/Transmutation            4
   b - Metabolic Englaciation         Hexes/Ice                    5
   c - Ozocubu's Refrigeration        Ice                          6
   d - Bolt of Cold                   Conjuration/Ice              6
   e - Freezing Cloud                 Conjuration/Ice/Air          6
   f - Simulacrum                     Ice/Necromancy               6
   Trog disapproves of the use of such an item.
 u - a book of Changes

   Spells                             Type                      Level
   a - Beastly Appendage              Transmutation                1
   b - Sticks to Snakes               Transmutation                2
   c - Spider Form                    Transmutation/Poison         3
   d - Ice Form                       Ice/Transmutation            4
   e - Blade Hands                    Transmutation                5
   Trog disapproves of the use of such an item.
Comestibles
 c - 33 fruits
 f - 7 bread rations
 w - 2 meat rations


   Skills:
 - Level 8.4 Fighting
 * Level 18.8 Maces & Flails
 + Level 12.6 Throwing
 + Level 5.1 Armour
 - Level 1.7 Dodging
 - Level 0.6 Stealth


You had 12 spell levels left.
You didn't know any spells.

Dungeon Overview and Level Annotations

Branches:
Dungeon (14/15)            Temple (1/1) D:4            Lair (0/6) D:10
    Orc (0/2) D:12
 Vaults: D:13-14

Altars:
Ashenzari
Cheibriados
Dithmenos
Elyvilon
Fedhas
Gozag
Hepliaklqana
Kikubaaqudgha
Makhleb
Nemelex Xobeh
Okawaru
Qazlal
Ru
Sif Muna
Trog
Uskayaw
Vehumet
Xom
Yredelemnul
Zin
The Shining One
Lugonu

Shops:
D:5 }   D:8 *   D:11 *   D:12 [


Innate Abilities, Weirdness & Mutations

You are too large for most types of armour.
You have tough skin. (AC +1)


Message History

The enormous slime creature hits you!!!
You sock the enormous slime creature!
The enormous slime creature is heavily wounded.
The enormous slime creature hits you!!!
You sock the enormous slime creature!
The enormous slime creature looks as sick as possible!
The enormous slime creature is heavily wounded.
You barely miss the enormous slime creature.
The enormous slime creature is severely wounded.
The enormous slime creature hits you!!
You stick the enormous slime creature like a pincushion!!!
The enormous slime creature is severely wounded.
The enormous slime creature hits you!!!
* * * LOW HITPOINT WARNING * * *
You impale the enormous slime creature!!
The enormous slime creature is almost dead.
You sock the enormous slime creature!
The enormous slime creature is almost dead.
The enormous slime creature hits you!!!
You die...

#....#.....#.......#
#....#.....#.......#
#....+.....#.......#
#....#.....#.......#
#.....#.......#
#.....#.......####
#.....#...........
#.....#...........
########@....#..(........
......(J#....#...........
.§§.....#....#...........
.≈§§§...#....#...........
≈§§≈§≈..######...........
≈§##§§..# ............ ≈
#≈≈..# ###### ≈≈≈..#
...... ≈≈≈...# .#####


You could see an enormous slime creature.

Vanquished Creatures
  Harold (D:10)
  Erica (D:9)
  A vault guard (D:14)
  A centaur warrior (D:12)
  A tengu warrior (D:13)
  Sonja (D:10)
  An unseen horror (D:12)
  A hill giant (D:10)
  A wizard (D:13)
  A flayed ghost (D:14)
  4 ugly things
  A manticore (D:11)
  A deep elf mage (D:13)
  A centaur skeleton (D:12)
  2 gargoyles
  A komodo dragon (D:10)
  3 trolls
  A tengu conjurer (D:13)
  5 two-headed ogres
  Grinder (D:3)
  5 hippogriffs
  Sigmund (D:5)
  A shadow (D:13)
  4 wyverns
  Eustachio (D:4)
  A wraith (D:11)
  2 hungry ghosts
  15 yaks
  2 steam dragons
  4 vampire mosquitoes
  2 water moccasins
  Duvessa (D:7)
  A hornet zombie (D:10)
  6 ice beasts
  A sky beast (D:5)
  2 necrophages
  6 orc warriors
  4 phantoms
  3 eyes of draining (D:4)
  5 ogres
  9 centaurs
  A crocodile (D:12)
  3 big kobolds
  6 bullfrogs
  A gnoll sergeant (D:6)
  Dowan (D:7)
  3 wyvern zombies
  4 scorpions
  3 killer bees (D:7)
  9 wights
  6 howler monkeys
  6 crimson imps
  A quasit (D:13)
  2 bullfrog zombies
  4 centaur zombies
  2 jellies
  7 orc priests
  2 bullfrog skeletons
  5 hounds
  An iron imp (D:5)
  2 iguanas
  14 orc wizards
  6 worker ants
  2 hound zombies
  A hound skeleton (D:5)
  5 worker ant zombies
  7 gnolls
  14 adders
  4 shadow imps
  An ooze (D:2)
  An adder skeleton (D:4)
  4 worms
  4 dart slugs
  A leopard gecko (D:1)
  51 orcs
  7 bats
  5 giant cockroaches
  9 goblins
  11 hobgoblins
  4 jackals (D:4)
  A quokka (D:5)
  2 ball pythons (D:2)
  2 frilled lizards (D:2)
  15 kobolds
  A quokka zombie (D:5)
  10 rats
  A fungus (D:1)
  A plant (D:10)
359 creatures vanquished.

Vanquished Creatures (collateral kills)
  A bullfrog zombie (D:11)
1 creature vanquished.

Vanquished Creatures (others)
  An orc wizard (D:11)
1 creature vanquished.

Grand Total: 361 creatures vanquished

Notes
Turn   | Place    | Note
-------+----------+-------------------------------------------
     0 | D:1      | dorian the Ogre Hunter began the quest for the Orb.
     0 | D:1      | Reached XP level 1. HP: 22/22 MP: 1/1
   129 | D:1      | Reached XP level 2. HP: 3/31 MP: 2/2
   636 | D:1      | Reached XP level 3. HP: 33/39 MP: 3/3
  1466 | D:2      | Reached XP level 4. HP: 49/49 MP: 4/4
  1811 | D:2      | Found a deep blue altar of Sif Muna.
  1862 | D:3      | Reached skill level 5 in Throwing
  1932 | D:3      | Noticed Grinder
  1939 | D:3      | Killed Grinder
  1939 | D:3      | Reached XP level 5. HP: 59/59 MP: 5/5
  1939 | D:3      | Reached XP level 6. HP: 67/67 MP: 6/6
  1969 | D:3      | Found a glowing golden altar of the Shining One.
  2404 | D:4      | Noticed Eustachio
  2433 | D:4      | Found an ancient bone altar of Kikubaaqudgha.
  2433 | D:4      | Found a staircase to the Ecumenical Temple.
  2449 | Temple   | Entered the Ecumenical Temple
  2599 | D:4      | Found a bloodstained altar of Trog.
  2599 | D:4      | Noticed an eye of draining
  2599 | D:4      | Noticed an eye of draining
  2613 | D:4      | Noticed an eye of draining
  2614 | D:4      | Killed an eye of draining
  2614 | D:4      | Reached XP level 7. HP: 78/78 MP: 0/7
  2643 | D:4      | Became a worshipper of Trog the Wrathful
  2695 | D:4      | Killed Eustachio
  2803 | D:4      | Found a glowing silver altar of Zin.
  2825 | D:4      | Reached XP level 8. HP: 84/89 MP: 8/8
  2890 | D:4      | Reached skill level 1 in Maces & Flails
  3086 | D:5      | Entered Level 5 of the Dungeon
  3086 | D:5      | Found a snail-covered altar of Cheibriados.
  3088 | D:5      | Noticed Sigmund
  3125 | D:5      | Reached skill level 2 in Maces & Flails
  3132 | D:5      | Reached * piety under Trog
  3155 | D:5      | Reached skill level 3 in Maces & Flails
  3218 | D:5      | Found Kiaph's Gadget Shop.
  3251 | D:5      | Reached skill level 4 in Maces & Flails
  3441 | D:5      | Reached skill level 5 in Maces & Flails
  3496 | D:5      | Killed Sigmund
  3496 | D:5      | Reached skill level 6 in Maces & Flails
  3556 | D:5      | Found an opulent altar of Gozag.
  3870 | D:5      | Reached skill level 7 in Maces & Flails
  3870 | D:5      | Reached XP level 9. HP: 60/97 MP: 9/9
  4008 | D:5      | Reached ** piety under Trog
  4097 | D:6      | Reached skill level 8 in Maces & Flails
  4431 | D:6      | Found a shattered altar of Ashenzari.
  4844 | D:7      | Reached skill level 9 in Maces & Flails
  4939 | D:7      | Noticed Duvessa
  4940 | D:7      | Noticed Dowan
  4941 | D:7      | Killed Duvessa
  4951 | D:7      | Killed Dowan
  4964 | D:7      | Reached skill level 10 in Maces & Flails
  5046 | D:7      | Noticed a two-headed ogre
  5049 | D:7      | You fall through a shaft for 2 floors!
  5361 | D:9      | Noticed Erica
  5366 | D:9      | Killed Erica
  5366 | D:9      | Reached skill level 11 in Maces & Flails
  5366 | D:9      | Reached XP level 10. HP: 89/106 MP: 10/10
  5447 | D:9      | Reached skill level 12 in Maces & Flails
  5516 | D:9      | Reached *** piety under Trog
  5649 | D:8      | Found a basalt altar of Yredelemnul.
  5680 | D:8      | Found a white marble altar of Elyvilon.
  6055 | D:7      | Received a gift from Trog
  6164 | D:7      | Reached skill level 10 in Throwing
  6470 | D:7      | Reached skill level 13 in Maces & Flails
  7333 | D:8      | Found Gacig's General Store.
  7338 | D:8      | Bought a potion of curing for 42 gold pieces
  7338 | D:8      | Bought a scroll of brand weapon for 280 gold pieces
  7338 | D:8      | Bought a potion of heal wounds for 70 gold pieces
  7751 | D:9      | Noticed a brown ugly thing
  7759 | D:9      | Killed a brown ugly thing
  7759 | D:9      | Reached skill level 14 in Maces & Flails
  7962 | D:10     | Entered Level 10 of the Dungeon
  8005 | D:9      | Reached XP level 11. HP: 113/113 MP: 11/11
  8276 | D:10     | Reached **** piety under Trog
  8359 | D:10     | Noticed Harold
  8374 | D:10     | Killed Harold
  8374 | D:10     | Reached skill level 15 in Maces & Flails
  8817 | D:10     | Noticed Sonja
  8824 | D:10     | Killed Sonja
  8903 | D:10     | Found a staircase to the Lair.
  9015 | D:10     | Noticed a hill giant
  9029 | D:10     | Killed a hill giant
  9751 | D:11     | Reached skill level 16 in Maces & Flails
  9753 | D:11     | Received a gift from Trog
  9771 | D:11     | Reached skill level 1 in Armour
 10029 | D:11     | Noticed a manticore
 10177 | D:11     | Killed a manticore
 10339 | D:10     | Reached ***** piety under Trog
 10526 | D:11     | Reached XP level 12. HP: 119/121 MP: 12/12
 10582 | D:11     | Found Xaicwas's General Store.
 10600 | D:11     | Bought a potion of degeneration for 16 gold pieces
 10955 | D:12     | Found Qepimem's Antique Armour Boutique.
 10984 | D:12     | Reached skill level 17 in Maces & Flails
 11015 | D:12     | Received a gift from Trog
 11105 | D:12     | Noticed a centaur warrior
 11108 | D:12     | Killed a centaur warrior
 11259 | D:12     | Found a staircase to the Orcish Mines.
 11372 | D:12     | Received a gift from Trog
 11934 | D:13     | Received a gift from Trog
 12128 | D:13     | Noticed a tengu warrior
 12152 | D:13     | Killed a tengu warrior
 12215 | D:13     | Reached skill level 18 in Maces & Flails
 13082 | D:14     | Reached XP level 13. HP: 105/127 MP: 13/13
 13116 | D:14     | Reached skill level 5 in Armour
 13121 | D:14     | Noticed a vault guard
 13134 | D:14     | Killed a vault guard
 13284 | D:14     | Mangled by an enormous slime creature

Skill      XL: |  1  2  3  4  5  6  7  8  9 10 11 12 13 |
---------------+----------------------------------------+-----
Fighting       | 3 4 6 7 8 |  8.4
Throwing       | 5 6 7 8 9 10 11 12 | 12.6
Maces & Flails | 7 11 14 16 18 | 18.8
Armour         | 2 4 5 |  5.1
Dodging        | |  1.7
Stealth        | |  0.6

Action                   |  1- 3 |  4- 6 |  7- 9 | 10-12 | 13-15 || total
-------------------------+-------+-------+-------+-------+-------++-------
Melee: Short sword       |   145 |    64 |   342 |       |       ||   551
       Rapier            |       |       |    10 |   227 |       ||   237
       Giant spiked club |       |       |       |   222 |    34 ||   256
Throw: Large rock        |     6 |    11 |    44 |    34 |       ||    95
       Throwing net      |       |     1 |     2 |     3 |       ||     6
       Tomahawk          |       |       |    18 |   185 |     2 ||   205
Invok: Berserk           |       |       |       |    11 |     2 ||    13
Evoke: Wand              |       |       |       |     4 |       ||     4
  Use: Scroll            |       |     9 |     5 |     7 |       ||    21
       Potion            |       |       |       |     1 |     1 ||     2
 Stab: Sleeping          |     4 |       |     1 |       |       ||     5
       Held in net/web   |       |       |     1 |       |       ||     1
       Betrayed ally     |       |       |       |     1 |       ||     1
  Eat: Chunk             |     2 |     4 |     7 |    32 |     2 ||    47
       Beef jerky        |       |       |     1 |     1 |       ||     2
       Meat ration       |       |       |       |     1 |       ||     1
Armor: Robe              |    61 |    24 |   133 |    28 |       ||   246
       Steam dragon scal |       |       |       |   124 |     2 ||   126
Dodge: Dodged            |    84 |    28 |   185 |   268 |    12 ||   577
